 Dungeon Crawl Stone Soup version 0.29-a0-284-gf9362112df (webtiles) character file.

Game seed: 7301849919390124819

131 garrulousMonolith the Poker (level 5, -2/47 HPs)
             Began as a Gnoll Cinder Acolyte on Mar 24, 2022.
             Was a High Priest of Ignis.
             Slain by Terence
             ... wielding a +1 mace of protection
              (5 damage)
             ... on level 3 of the Dungeon.
             The game lasted 00:05:30 (3768 turns).

garrulousMonolith the Poker (Gnoll Cinder Acolyte)  Turns: 3768, Time: 00:05:31

Health: -2/47      AC:  5    Str: 13    XL:     5   Next: 14%
Magic:  1/9        EV: 10    Int: 13    God:    Ignis [*****.]
Gold:   195        SH:  0    Dex: 10    Spells: 5/10 levels left

rFire   + . .      SeeInvis +   h - +0 long sword
rCold   . . .      Faith    .   (no shield)
rNeg    . . .      Spirit   .   r - +0 ring mail of Grot {rElec}
rPois   +          Reflect  .   (no helmet)
rElec   +          Harm     .   (no cloak)
rCorr   .          Rampage  .   (no gloves)
Will    .....                   (no boots)
Stlth   +.........              (no amulet)
HPRegen 0.15/turn               u - ring of poison resistance
MPRegen 0.11/turn               s - ring of see invisible

@: no status effects
A: fangs 1, strong nose, distributed training
a: Renounce Religion, Fiery Armour, Foxfire Swarm, Rising Flame


You were on level 3 of the Dungeon.
You worshipped Ignis.
Ignis was extremely pleased with you.
You visited 1 branch of the dungeon, and saw 3 of its levels.

You collected 195 gold pieces.

Inventory:

Hand Weapons
 a - a -1 spear of flaming
 h - a +0 long sword (weapon)
Missiles
 c - 66 stones (quivered)
 n - 2 poisoned darts
Armour
 b - a +0 robe
 r - the +0 ring mail of Grot (worn) {rElec}
   (You took it off a hobgoblin on level 2 of the Dungeon)

   rElec:     It insulates you from electricity.
Magical Staves
 e - a staff of air
Jewellery
 k - a ring of flight
 s - a ring of see invisible (right hand)
 u - a ring of poison resistance (left hand)
Wands
 j - a wand of digging (4)
Scrolls
 i - a scroll of vulnerability {unknown}
 l - 2 scrolls of teleportation {unknown}
 o - a scroll of summoning {unknown}
 q - a scroll of brand weapon {unknown}
 v - 2 scrolls of fear {unknown}
 x - a scroll of enchant armour {unknown}
Potions
 d - a potion of resistance
 f - a potion of magic
 g - a potion of curing
 m - 2 potions of brilliance {unknown}
 p - a potion of might {unknown}
 t - a potion of berserk rage {unknown}
 w - 2 potions of lignification {unknown}


   Skills:
 + Level 6.6 Fighting
 + Level 1.4 Short Blades
 + Level 1.4 Long Blades
 + Level 1.4 Axes
 + Level 1.4 Maces & Flails
 + Level 6.6 Polearms
 + Level 1.4 Staves
 + Level 1.4 Slings
 + Level 1.4 Bows
 + Level 1.4 Crossbows
 + Level 1.4 Throwing
 + Level 1.4 Armour
 + Level 1.4 Dodging
 + Level 1.4 Stealth
 + Level 1.4 Shields
 + Level 1.4 Unarmed Combat
 + Level 3.1 Spellcasting
 + Level 1.1 Conjurations
 + Level 1.1 Hexes
 + Level 1.1 Summonings
 + Level 1.1 Necromancy
 + Level 1.1 Translocations
 + Level 1.1 Transmutations
 + Level 5.5 Fire Magic
 + Level 1.1 Ice Magic
 + Level 1.1 Air Magic
 + Level 1.1 Earth Magic
 + Level 1.1 Poison Magic
 + Level 1.5 Invocations
 + Level 1.4 Evocations


You had 5 spell levels left.
You knew the following spells:

 Your Spells              Type           Power      Damage    Failure   Level
a - Shock                 Conj/Air       16%        1d4       30%         1
b - Scorch                Fire           32%        2d7       8%          2
c - Blink                 Tloc           8%         N/A       41%         2

Your spell library contained the following spells:

 Spells                   Type           Power      Damage    Failure   Level
 Call Canine Familiar     Summ           4%         N/A       65%         3
 Portal Projectile        Hex/Tloc       8%         N/A       65%         3
 Swiftness                Air            4%         N/A       65%         3
 Airstrike                Air            2%         N/A       96%         4
 Leda's Liquefaction      Hex/Erth       2%         N/A       96%         4
 Manifold Assault         Tloc           4%         N/A       100%        5
 Storm Form               Tmut/Air       2%         N/A       100%        7


Dungeon Overview and Level Annotations

Branches:
Dungeon (3/15)

Altars:

Annotations:
D:3 1 transporter, Terence


Innate Abilities, Weirdness & Mutations

You have very sharp teeth.
Your uncanny sense of smell can sniff out nearby items.
Your experience applies equally to all skills.


Message History

Terence is heavily wounded.
Terence barely misses you.
You closely miss Terence. You punch Terence, but do no damage.
Terence is heavily wounded.
Terence closely misses you.
You barely miss Terence.
Terence is heavily wounded.
Terence hits you with a +1 mace of protection!
Terence hits you with a +1 mace of protection.
* * * LOW HITPOINT WARNING * * *
You barely miss Terence.
Terence is heavily wounded.
Terence misses you.
You feel better.
Terence hits you with a +1 mace of protection.
Activating: Foxfire Swarm
Press: ? - help, Dir - look around, f - activate Flames leap up around you!
Terence hits you with a +1 mace of protection!
* * * LOW HITPOINT WARNING * * *
You barely miss Terence.
Terence is moderately wounded.
The foxfire hits Terence.
Terence is heavily wounded.
The foxfire hits Terence.
Terence is severely wounded.
The foxfire hits Terence but does no damage.
Terence is severely wounded.
Terence hits you with a +1 mace of protection.
* * * LOW HITPOINT WARNING * * *
You hit Terence.
Terence is almost dead.
Terence hits you with a +1 mace of protection.
* * * LOW HITPOINT WARNING * * *
Terence hits you with a +1 mace of protection.
* * * LOW HITPOINT WARNING * * *
Your foxfire dissipates!
Terence attacks as you move away!
Terence hits you with a +1 mace of protection.
You die...

#########
#.......#
#.#####.##
##.##.....#
......##..#
.....###..########
####...........vv#
####.....#######.#
..##.##### #@#
#.##..##### #@#
#.##......#
#......#
#.##......#
#....#.#
#.##......#
#..###.#
..........# #.. #
#.##......# #.#
#.##).....# #.
#.##.)....# #.


You could see Terence (ally target).

Vanquished Creatures
  4 adders (D:2)
  10 dart slugs
  2 orcs (D:3)
  4 endoplasms
  A giant cockroach (D:2)
  12 goblins
  3 hobgoblins
  4 jackals (D:1)
  10 kobolds
  3 quokkas (D:1)
  7 ball pythons
  2 bats (D:2)
  2 frilled lizards
  10 rats
74 creatures vanquished.

Vanquished Creatures (others)
  3 foxfires (D:3)
3 creatures vanquished.

Grand Total: 77 creatures vanquished

Notes
Turn   | Place    | Note
-------+----------+-------------------------------------------
     0 | D:1      | garrulousMonolith the Gnoll Cinder Acolyte began the quest
                  | for the Orb.
     0 | D:1      | Reached XP level 1. HP: 23/23 MP: 4/4
    35 | D:1      | Learned a level 1 spell: Shock
   293 | D:1      | Reached XP level 2. HP: 29/29 MP: 0/5
   300 | D:1      | Learned a level 2 spell: Scorch
   842 | D:1      | Reached XP level 3. HP: 35/35 MP: 2/7
  1418 | D:1      | Found a faded altar of an unknown god.
  1840 | D:2      | Reached skill level 1 in Invocations
  2002 | D:2      | Reached skill level 1 in Short Blades
  2002 | D:2      | Reached skill level 1 in Long Blades
  2002 | D:2      | Reached skill level 1 in Axes
  2002 | D:2      | Reached skill level 1 in Maces & Flails
  2002 | D:2      | Reached skill level 1 in Staves
  2002 | D:2      | Reached skill level 1 in Slings
  2002 | D:2      | Reached skill level 1 in Bows
  2002 | D:2      | Reached skill level 1 in Crossbows
  2002 | D:2      | Reached skill level 1 in Throwing
  2002 | D:2      | Reached skill level 1 in Armour
  2002 | D:2      | Reached skill level 1 in Dodging
  2002 | D:2      | Reached skill level 1 in Stealth
  2002 | D:2      | Reached skill level 1 in Shields
  2002 | D:2      | Reached skill level 1 in Unarmed Combat
  2002 | D:2      | Reached skill level 1 in Evocations
  2226 | D:2      | Reached XP level 4. HP: 34/41 MP: 3/8
  2287 | D:2      | Learned a level 2 spell: Blink
  2386 | D:2      | Identified the +0 ring mail of Grot {rElec}
  2808 | D:2      | Reached skill level 1 in Conjurations
  2808 | D:2      | Reached skill level 1 in Hexes
  2808 | D:2      | Reached skill level 1 in Summonings
  2808 | D:2      | Reached skill level 1 in Necromancy
  2808 | D:2      | Reached skill level 1 in Translocations
  2808 | D:2      | Reached skill level 1 in Transmutations
  2808 | D:2      | Reached skill level 1 in Ice Magic
  2808 | D:2      | Reached skill level 1 in Air Magic
  2808 | D:2      | Reached skill level 1 in Earth Magic
  2808 | D:2      | Reached skill level 1 in Poison Magic
  3128 | D:3      | Reached XP level 5. HP: 35/47 MP: 0/9
  3473 | D:3      | Noticed a phantom
  3527 | D:3      | Found a transporter.
  3744 | D:3      | Noticed Terence
  3768 | D:3      | Slain by Terence

Illustrated notes

Levels and vault maps discovered:
D:1:      dpeg_arrival_rooms_with_view, layout_basic,
          shapermc_ecumenical_altar_acropolis, serial_park_tiny_pond
D:2:      layout_loops_ring, minmay_heptomino_l4
D:3:      kennysheep_slugbush, layout_loops_cross, gammafunk_ghost_mausoleum,
          roderic_nine_men_s_morris, lightli_corner_chamber, uniq_terence

Skill      XL: |  1  2  3  4 |
---------------+-------------+-----
Invocations    | 1 |  1.5
Short Blades   | 1 |  1.4
Long Blades    | 1 |  1.4
Axes           | 1 |  1.4
Maces & Flails | 1 |  1.4
Staves         | 1 |  1.4
Slings         | 1 |  1.4
Bows           | 1 |  1.4
Crossbows      | 1 |  1.4
Throwing       | 1 |  1.4
Armour         | 1 |  1.4
Dodging        | 1 |  1.4
Stealth        | 1 |  1.4
Shields        | 1 |  1.4
Unarmed Combat | 1 |  1.4
Evocations     | 1 |  1.4
Spellcasting   | 3 |  3.1
Conjurations   | 1 |  1.1
Hexes          | 1 |  1.1
Summonings     | 1 |  1.1
Necromancy     | 1 |  1.1
Translocations | 1 |  1.1
Transmutations | 1 |  1.1
Ice Magic      | 1 |  1.1
Air Magic      | 1 |  1.1
Earth Magic    | 1 |  1.1
Poison Magic   | 1 |  1.1
Fighting       | |  6.6
Polearms       | |  6.6
Fire Magic     | |  5.5

Action                   |  1- 3 |  4- 6 || total
-------------------------+-------+-------++-------
Melee: Spear             |    26 |       ||    26
       Bite              |     5 |     3 ||     8
       Staff             |    36 |    36 ||    72
       Long sword        |       |     6 ||     6
       Punch             |       |     1 ||     1
 Cast: Shock             |    28 |     7 ||    35
       Scorch            |    28 |    32 ||    60
Invok: Foxfire Swarm     |       |     1 ||     1
  Use: Scroll            |       |     3 ||     3
       Potion            |       |     1 ||     1
Armor: Robe              |    11 |       ||    11
       Ring mail         |       |    21 ||    21
Dodge: Dodged            |    47 |    41 ||    88

Table legend: (Time is in decaauts)
 A = Elapsed time spent in this place.
 B = Non-inter-level travel time spent in this place.
 C = Inter-level travel time spent in this place.
 D = Time resting spent in this place.
 E = Time spent auto-exploring this place.
 F = Levels seen in this place.
 G = Mean time per level.
                   A        B        C        D        E       F      G
               +--------+--------+--------+--------+--------+-----+--------+
         Total |   3771 |   3725 |     46 |    564 |   2603 |   3 | 1257.0 |
       Dungeon |   3771 |   3725 |     46 |    564 |   2603 |   3 | 1257.0 |
               +--------+--------+--------+--------+--------+-----+--------+

Top non-repeatable levels by time:
     D:1: 1738 daAuts
     D:2: 1276 daAuts
     D:3: 756 daAuts
